 Dungeon Crawl Stone Soup version 0.31-a0-361-g0f8bd3a31e (webtiles) character file.

Game seed: 9627489451695899099

32 EC1 the Poker (level 3, 0/28 HPs)
             Began as a Merfolk Gladiator on July 27, 2023.
             Slain by a hobgoblin (1 damage)
             ... led by Robin
             ... on level 2 of the Dungeon.
             The game lasted 00:01:25 (1048 turns).

EC1 the Poker (Merfolk Gladiator)                   Turns: 1048, Time: 00:01:26

Health: 0/28       AC:  5    Str: 13 (14) XL:     3   Next: 27%
Magic:  3/3        EV: 10    Int:  6 (7)  God:
Gold:   19         SH:  0    Dex: 16 (17) Spells: 2/2 levels left

rFire   . . .        a - +0 trident
rCold   . . .        (no shield)
rNeg    . . .        b - +0 leather armour
rPois   .            c - +0 helmet
rElec   .            (no cloak)
rCorr   .            g - +0 pair of gloves
SInv    .            (no boots)
Will    .....        (no amulet)
Stlth   ++           (no ring)
HPRegen 0.24/turn    (no ring)
MPRegen 0.08/turn

%: no passive effects
@: constricted
A: (nimble swimmer 2), mertail
a: no special abilities


You were on level 2 of the Dungeon.
You visited 1 branch of the dungeon, and saw 2 of its levels.

You collected 19 gold pieces.

Inventory:

Hand Weapons
 a - a +0 trident (weapon)
Missiles
 d - 3 throwing nets (quivered)
 e - a javelin
Armour
 b - a +0 leather armour (worn)
 c - a +0 helmet (worn)
 g - a +0 pair of gloves (worn)
Potions
 i - a potion of degeneration


   Skills:
 + Level 2.5 Fighting
 + Level 4.7 Polearms
 + Level 2.3 Throwing
 + Level 4.3 Dodging
 + Level 0.9 Stealth


You had 2 spell levels left.
You didn't know any spells.
Your spell library was empty.

Dungeon Overview and Level Annotations

Branches:
Dungeon (2/15)

Altars:

Annotations:
D:2 Robin


Innate Abilities, Weirdness & Mutations

((You are very nimble when in or above water. (Stealth+, EV+, Speed+++)))
Your lower body shifts to a powerful aquatic tail in water.


Message History

You are no longer poisoned.
The goblin completely misses you. The goblin attacks as you move away!
The goblin misses you.
The goblin no longer looks unusually strong.
A ball python comes into view.
The ball python hisses angrily.
You puncture the goblin!
You kill the goblin!
You closely miss the goblin.
The goblin no longer looks unusually strong. x2
The goblin completely misses you.
You hit the goblin.
The goblin is moderately wounded.
The goblin hits you with a +0 dagger.
* * * LOW HITPOINT WARNING * * *
You barely miss the goblin.
The goblin is moderately wounded.
The hobgoblin no longer looks unusually strong.
The goblin no longer looks unusually strong.
The goblin hits you but does no damage.
You hit the goblin.
You kill the goblin!
The ball python bites you.
* * * LOW HITPOINT WARNING * * *
The ball python misses you.
You puncture the goblin!
You kill the goblin!
The ball python barely misses you. x2
You hit the endoplasm but do no damage.
The hobgoblin no longer looks unusually strong.
The endoplasm freezes you.
You are frozen.
* * * LOW HITPOINT WARNING * * *
The hobgoblin closely misses you.
The ball python bites you but does no damage.
The ball python grabs you. The ball python constricts you.
You puncture the endoplasm!
You kill the endoplasm!
The hobgoblin hits you.
You die...

.......## .......##..
......(..#
#.....#..## .
#.....#...
...####..>..#.# ##.
......g##....[#....
...
#S@)g.........##...
####g#)..#### .....
#.#.#...###...## #.
#.#)###..#......
.##.#g#gJ...........
.......g............
..##.##......<.......
..##.####.<..........
...Jgggg.....###.....


You could see 2 hobgoblins, a goblin and a ball python.

Vanquished Creatures
  A ball python (D:2)
  5 endoplasms
  A giant cockroach (D:1)
  2 kobolds (D:1)
  A quokka (D:1)
  3 bats (D:1)
  2 frilled lizards (D:1)
  13 goblins
  A rat (D:1)
29 creatures vanquished.

Notes
Turn   | Place    | Note
-------+----------+-------------------------------------------
     0 | D:1      | EC1 the Merfolk Gladiator began the quest for the Orb.
     0 | D:1      | Reached XP level 1. HP: 16/16 MP: 1/1
   301 | D:1      | Reached XP level 2. HP: 23/23 MP: 2/2
  1005 | D:2      | Noticed Robin
  1027 | D:2      | Reached XP level 3. HP: 25/28 MP: 3/3
  1045 | D:2      | HP: 1/28 [ball python (3)]
  1048 | D:2      | Slain by a hobgoblin

Illustrated notes

Levels and vault maps discovered:
D:1:      spicycebolla_green_bress_n_ham_2, layout_loops_corners
D:2:      layout_rooms, dreamdust_ecumenical_altar_angels_and_demons,
          grunt_decor_junction, uniq_jessica, uniq_robin

Action                     || total
---------------------------++-------
  Melee: Trident           ||    78
    Use: Scroll            ||     3
         Potion            ||     2
   Stab: Sleeping          ||     3
 Armour: Leather armour    ||    18
  Dodge: Dodged            ||    61

Table legend: (Time is in decaauts)
 A = Elapsed time spent in this place.
 B = Non-inter-level travel time spent in this place.
 C = Inter-level travel time spent in this place.
 D = Time resting spent in this place.
 E = Time spent auto-exploring this place.
 F = Levels seen in this place.
 G = Mean time per level.
                   A        B        C        D        E       F      G
               +--------+--------+--------+--------+--------+-----+--------+
         Total |   1052 |   1052 |      0 |    100 |    715 |   2 |  526.0 |
       Dungeon |   1052 |   1052 |      0 |    100 |    715 |   2 |  526.0 |
               +--------+--------+--------+--------+--------+-----+--------+

Top non-repeatable levels by time:
     D:1: 903 daAuts
     D:2: 149 daAuts
